 Dungeon Crawl Stone Soup version 0.22-a0-422-g9628fc8 (webtiles) character file.

510 Gorice the Twirler (level 6, 0/38 HPs)
             Began as a Deep Elf Wanderer on May 16, 2018.
             Killed by nerve-wracking pain
             ... invoked by an orc priest
              (12 damage)
             ... on level 3 of the Dungeon.
             The game lasted 00:17:15 (4573 turns).

Gorice the Twirler (Deep Elf Wanderer)              Turns: 4573, Time: 00:17:15

Health: 0/38       AC: 11    Str:  9    XL:     6   Next: 98%
Magic:  8/8        EV:  8    Int: 18    God:
Gold:   183        SH:  0    Dex: 15    Spells: 5/5 levels left

rFire    . . .     SeeInvis .   a - +1 quarterstaff
rCold    . . .     Gourm    .   (shield currently unavailable)
rNeg     . . .     Faith    .   i - +2 scale mail
rPois    .         Spirit   .   g - +0 helmet
rElec    .         Reflect  .   (no cloak)
rCorr    .         Harm     .   (no gloves)
MR       .....                  q - +1 pair of boots
Stlth    +.........             (no amulet)
HPRegen  0.12/turn              (no ring)
MPRegen  0.11/turn              (no ring)

@: no status effects
A: no striking features
a: no special abilities


You were on level 3 of the Dungeon.
You were not hungry.

You visited 1 branch of the dungeon, and saw 4 of its levels.

You collected 183 gold pieces.

Inventory:

Hand Weapons
 a - a +1 quarterstaff (weapon)
 b - a +0 hunting sling
 c - a +0 mace
 d - a +0 dagger
 e - a +1 dagger of draining
   (You took it off a goblin on level 1 of the Dungeon)
 m - a +2 dagger of venom
   (You took it off an orc on level 2 of the Dungeon)
Missiles
 h - 4 curare-tipped needles
 o - 16 sling bullets
 Y - 173 stones (quivered)
 Z - a throwing net
Armour
 g - a +0 helmet (worn)
 i - a +2 scale mail (worn)
 q - a +1 pair of boots (worn)
Wands
 k - a wand of flame (3)
 p - a wand of iceblast (3)
 u - a wand of random effects (24)
Scrolls
 j - a scroll of enchant weapon
 n - a scroll of identify
 r - a scroll of teleportation {!r}
Potions
 l - 2 potions of heal wounds {!q}
 s - a potion of ambrosia
 v - a potion of haste {!q}
 x - a potion of might {!q}
Comestibles
 f - 5 rations
 w - 5 chunks of flesh


   Skills:
 + Level 4.2 Fighting
 - Level 1.0(2.9) Maces & Flails
 * Level 5.9(6.0) Staves
 - Level 1.0 Throwing
 - Level 1.0 Armour
 - Level 1.2 Dodging
 - Level 2.4 Stealth
 - Level 1.0 Unarmed Combat


You had 5 spell levels left.
You didn't know any spells.
Your spell library was empty.

Dungeon Overview and Level Annotations

Branches:
Dungeon (4/15)
 Temple: D:4-7

Altars:
Cheibriados
Qazlal
Sif Muna
Trog
Yredelemnul


Message History

The orc shouts!
You hear a shout!
There is a stone staircase leading up here.
The orc hits you but does no damage.
An orc comes into view. It is wielding a war axe.
The orc barely misses you.
You climb upwards.
There is a stone staircase leading down here.
You hit the orc.
The orc is severely wounded.
The orc hits you but does no damage.
You hit the orc.
You kill the orc!
No target in view!
Things that are here:
a short sword; an orc corpse You butcher the orc corpse.
Things that are here:
a short sword; a chunk of flesh; an orc skeleton
There is a stone staircase leading down here.
Autopickup is now on.
w - 5 chunks of flesh (gained 1)
Things that are here:
a short sword; an orc skeleton
There is a stone staircase leading down here.
You climb downwards.
An orc comes into view. It is wielding a mace.
The orc shouts! x2
The orc completely misses you. The orc hits you but does no damage. x2
There is a stone staircase leading up here.
Unknown command.
The orc priest invokes the aid of Beogh against you.
Beogh smites you! The orc hits you but does no damage.
The orc closely misses you. The orc barely misses you.
You climb upwards.
There is a stone staircase leading down here.
Damage: 14 (max 14) Unknown command.
You hit the orc priest.
The orc priest is lightly wounded.
The orc priest mumbles some strange prayers to Beogh against you.
Beogh smites you!
* * * LOW HITPOINT WARNING * * *
The orc closely misses you. The orc hits you but does no damage. x2
Damage: 12 (max 14)
The orc priest looks encouraged for a moment.
The orc barely misses you. The orc closely misses you.
The orc hits you but does no damage.
The orc priest invokes the aid of Beogh against you.
Pain shoots through your body!
You die...

...#####.######..#....## ##......
................##.#...###.....##
.#.#...#....##.###.##...........#
..###...........##.##.#####.#.#.#
#..#.....#####).##.##.# ##.#..#.#
......#### #..##.##.###.###.#.#
#<#.### ######oo.#.......## ##..#
#.#.# #....o>.......###.###.#..
#.#.# #.####o#@##..## ##.#.....
#.#.# #.# #.#..#..# ##.#.... ..#.#
#.# #.##.#..# #....). ###.# #.#
#.##....# ######. ###.# #.#
#.###...# ########. ....# #.#
##.###...####....##..
....#####.###.#.##.............##
.............###.......######.#.#
..#...###.###.#.##.....ยง.........


You could see an orc priest and 2 orcs.

Vanquished Creatures
  Grinder (D:3)
  An orc priest (D:3)
  An orc wizard (D:3)
  Jessica (D:3)
  Natasha (D:2)
  A hound skeleton (D:3)
  2 worker ant zombies (D:3)
  Robin (D:1)
  4 adders
  2 oozes
  An adder skeleton (D:3)
  4 worms
  A leopard gecko (D:3)
  16 orcs
  3 bats
  A giant cockroach (D:1)
  20 goblins
  6 hobgoblins
  5 jackals
  3 quokkas
  2 ball pythons (D:3)
  A ball python skeleton (D:3)
  6 frilled lizards
  11 kobolds
  A leopard gecko zombie (D:3)
  A quokka zombie (D:3)
  7 rats
104 creatures vanquished.

Notes
Turn   | Place    | Note
-------+----------+-------------------------------------------
     0 | D:1      | Gorice the Deep Elf Wanderer began the quest for the Orb.
     0 | D:1      | Gorice set off with: a +2 scale mail, a +0 quarterstaff, a +0 mace, a +0 dagger, a ration
     0 | D:1      | Reached XP level 1. HP: 13/13 MP: 3/3
   244 | D:1      | Reached skill level 1 in Staves
   270 | D:1      | Reached XP level 2. HP: 18/18 MP: 4/4
   546 | D:2      | Noticed Robin
   717 | D:1      | Reached skill level 2 in Staves
   757 | D:1      | Killed Robin
   757 | D:1      | Reached XP level 3. HP: 14/22 MP: 5/5
   930 | D:2      | Found a deep blue altar of Sif Muna.
  1135 | D:2      | HP: 6/22 [worm (9)]
  1155 | D:2      | HP: 5/22 [jackal (2)]
  1529 | D:2      | Reached skill level 3 in Fighting
  1561 | D:2      | Found a stormy altar of Qazlal.
  1614 | D:2      | Found a basalt altar of Yredelemnul.
  1614 | D:2      | Found a bloodstained altar of Trog.
  1643 | D:2      | Reached skill level 3 in Staves
  1643 | D:2      | Reached XP level 4. HP: 28/28 MP: 6/6
  1986 | D:2      | Noticed Natasha
  2010 | D:2      | Killed Natasha
  2536 | D:3      | Reached XP level 5. HP: 22/32 MP: 7/7
  2699 | D:3      | Noticed Grinder
  2706 | D:3      | Paralysed by Grinder for 7 turns
  2714 | D:3      | Paralysed by Grinder for 4 turns
  2722 | D:3      | Killed Grinder
  2722 | D:3      | Reached skill level 5 in Staves
  2722 | D:3      | Reached XP level 6. HP: 13/38 MP: 8/8
  3125 | D:3      | Reached skill level 4 in Fighting
  3605 | D:3      | Noticed Jessica
  3617 | D:3      | Killed Jessica
  4357 | D:3      | Found a snail-covered altar of Cheibriados.
  4573 | D:3      | Killed from afar by an orc priest

Vault maps used:
D:1:      dpeg_arrival_tiny_c, minmay_tree_intersection
D:2:      nicolae_overflow_crystal_walls, overflow_temple_1_default,
          gammafunk_temple_overflow_elements, kennysheep_generic_room_4,
          uniq_natasha, uniq_robin
D:3:      cheibrodos_helix_gallery, overflow_temple_1_default, serial_undead,
          serial_undead_a, serial_undead_f, serial_undead_f, serial_undead_d,
          serial_undead_b, guppyfry_early_orc_mine, uniq_grinder, uniq_jessica
D:4:      nicolae_ashenzari_panopticon, first_ration

Skill      XL: |  1  2  3  4  5  6 |
---------------+-------------------+-----
Staves         | 1 2 3 5 |  5.9
Fighting       | 3 4 |  4.2
Maces & Flails | |  1.0
Throwing       | |  1.0
Armour         | |  1.0
Dodging        | |  1.2
Stealth        | |  2.4
Unarmed Combat | |  1.0

Action                   |  1- 3 |  4- 6 || total
-------------------------+-------+-------++-------
Melee: Quarterstaff      |   124 |   207 ||   331
 Fire: Hunting sling     |    38 |    70 ||   108
Throw: Stone             |     3 |       ||     3
Evoke: Wand              |       |     5 ||     5
  Use: Scroll            |     5 |     8 ||    13
  Eat: Chunk             |     2 |    10 ||    12
Armor: Scale mail        |    94 |   128 ||   222
Dodge: Dodged            |    60 |    96 ||   156

Table legend:
 A = Spawn XP
 B = Non-spawn XP
 C = Spawn XP percentage of total XP
 D = Spawn monster count
 E = Non-spawn monster count
 F = Spawn count percentage of total count
 G = Total turns spent on level
                    A         B        C        D         E        F      G
               +---------+---------+-------+---------+---------+-------+---------
         Total |       0 |     729 |   0.0 |       0 |     104 |   0.0 |  4573
               +---------+---------+-------+---------+---------+-------+---------
           D:1 |       0 |      61 |   0.0 |       0 |      26 |   0.0 |  1322
           D:2 |       0 |     113 |   0.0 |       0 |      29 |   0.0 |  1846
           D:3 |       0 |     555 |   0.0 |       0 |      49 |   0.0 |  1384
               +---------+---------+-------+---------+---------+-------+---------

Table legend:
 A = Turns spent in this place as a percentage of turns spent in the entire game.
 B = Non-inter-level travel turns spent in this place as a percentage of non-inter-level travel turns spent in the entire game.
 C = Inter-level travel turns spent in this place as a percentage of turns spent in this place.
 D = Turns resting spent in this place as a percentage of non-inter-level travel turns spent in this place.
 E = Turns spent auto-exploring this place as a percentage of non-inter-level travel turns spent in this place.
 F = Non-inter-level travel turns spent in this place divided by the number of levels of this place that you've seen.
                   A       B       C       D       E      F
               +-------+-------+-------+-------+-------+----------------------
         Total | 100.0 | 100.0 |   2.4 |  36.0 |  31.0 | 1115.5
       Dungeon | 100.0 | 100.0 |   2.4 |  36.0 |  31.0 | 1115.5
               +-------+-------+-------+-------+-------+----------------------

Vault maps used:
D:1:      dpeg_arrival_tiny_c, minmay_tree_intersection
D:2:      nicolae_overflow_crystal_walls, overflow_temple_1_default,
          gammafunk_temple_overflow_elements, kennysheep_generic_room_4,
          uniq_natasha, uniq_robin
D:3:      cheibrodos_helix_gallery, overflow_temple_1_default, serial_undead,
          serial_undead_a, serial_undead_f, serial_undead_f, serial_undead_d,
          serial_undead_b, guppyfry_early_orc_mine, uniq_grinder, uniq_jessica
D:4:      nicolae_ashenzari_panopticon, first_ration
